 Dungeon Crawl Stone Soup version 0.30-b1-5-g8e6c1be481 (webtiles) character file.

Game seed: 14047064065991637822

47653 tizbic2 the Skirmisher (level 14, -10/124 HPs)
             Began as a Grey Draconian Air Elementalist on May 3, 2023.
             Was an Elder of Sif Muna.
             Engulfed by a cloud of freezing vapour (68 damage)
             ... on level 2 of the Lair of Beasts on May 4, 2023.
             The game lasted 02:04:00 (21645 turns).

tizbic2 the Skirmisher (DrAE)                      Turns: 21645, Time: 02:04:00

Health: -10/124    AC: 22    Str: 10    XL:     14   Next: 9%
Magic:  9/27       EV: 14    Int: 19    God:    Sif Muna [****..]
Gold:   1864       SH:  0    Dex: 14    Spells: 1/32 levels left

rFire   + + +        y - +2 arbalest (drain)
rCold   x . .        (shield currently unavailable)
rNeg    . . .        (body armour unavailable)
rPois   +            Y - +2 hat
rElec   .            D - +2 cloak {Stlth+}
rCorr   .            u - +0 pair of gloves of Avant Garde Freedom {+Inv rPois rF+++ rC-}
SInv    .            z - +2 pair of boots
Will    +++..        G - amulet of regeneration
Stlth   +++          x - ring of wizardry
HPRegen 1.20/turn    S - ring of willpower
MPRegen 0.20/turn

%: wizardry (x1)
@: slowed, very slow
A: AC +13, amphibious, unfitting armour, cold-blooded, strong-willed 1, wild
magic 1
a: Renounce Religion, Evoke Invisibility, Channel Magic, Forget Spell, Divine
Exegesis


You were on level 2 of the Lair of Beasts.
You worshipped Sif Muna.
Sif Muna was greatly pleased with you.
You visited 7 branches of the dungeon, and saw 22 of its levels.
You also visited: Bailey.

You collected 3187 gold pieces.
You spent 1323 gold pieces at shops.

Inventory:

Hand Weapons
 g - a +0 dagger of holy wrath
 y - a +2 arbalest of draining (weapon)
 L - a +6 broad axe
 U - a +1 heavy great sword
 Z - a +5 scimitar
Missiles
 f - 4 javelins
 h - 2 throwing nets
 t - 26 poisoned darts
 I - 22 boomerangs
Armour
 u - the +0 pair of gloves of Avant Garde Freedom (worn) {+Inv rPois rF+++ rC-}
   (You bought it in a shop on level 3 of the Dungeon)

   rF:        It renders you almost immune to fire.
   rC:        It makes you vulnerable to cold.
   rPois:     It protects you from poison.
   +Inv:      It lets you turn invisible.
 z - a +2 pair of boots (worn)
 D - a +2 cloak of stealth (worn)
 Y - a +2 hat (worn)
Magical Staves
 w - a staff of cold
 X - a staff of air
Jewellery
 j - a +6 ring of intelligence
 l - a ring of resist corrosion
 s - a +6 ring of dexterity
 x - a ring of wizardry (left hand)
 G - an amulet of regeneration (around neck)
 S - a ring of willpower (right hand)
Wands
 n - a wand of charming (13)
 v - a wand of flame (47)
 A - a wand of digging (7)
 C - a wand of acid (14)
 Q - a wand of iceblast (6)
 V - a wand of mindburst (7)
Scrolls
 d - a scroll of teleportation
 e - 5 scrolls of magic mapping
 k - a scroll of fear
 p - 3 scrolls of poison
 J - 8 scrolls of fog
 M - a scroll of summoning
 N - 7 scrolls of blinking
 T - 11 scrolls of identify
 W - 3 scrolls of torment
Potions
 a - 2 potions of berserk rage
 b - 3 potions of haste
 c - 5 potions of mutation
 i - 8 potions of curing
 m - a potion of lignification
 o - 3 potions of attraction
 q - 2 potions of flight
 r - 3 potions of ambrosia
 B - 3 potions of brilliance
 E - a potion of magic
 F - 3 potions of heal wounds
 H - 2 potions of might
 K - 2 potions of invisibility
 P - 2 potions of resistance
 R - 2 potions of cancellation
Miscellaneous
 O - a phantom mirror (inert)


   Skills:
 + Level 11.0 Fighting
 - Level 2.9(3.1) Short Blades
 - Level 1.4(2.3) Long Blades
 - Level 0.3 Maces & Flails
 * Level 12.2 Ranged Weapons
 + Level 6.3 Dodging
 - Level 1.7 Stealth
 + Level 9.7 Spellcasting
 - Level 8.3 Conjurations
 - Level 4.2 Necromancy
 - Level 5.9 Ice Magic
 - Level 5.1 Air Magic
 - Level 6.4 Earth Magic
 - Level 4.0 Poison Magic


You had one spell level left.
You knew the following spells:

 Your Spells              Type           Power      Damage    Failure   Level
a - Iskenderun's Battles  Conj           52%        2d10      4%          5
b - Static Discharge      Conj/Air       90%        2-6/arc   1%          2
c - Airstrike             Air            18%        2d(3-19)  6%          4
d - Poisonous Vapours     Pois/Air       68%        N/A       1%          2
e - Swiftness             Air            37%        N/A       1%          3
f - Dispel Undead         Necr           33%        3d14      8%          4
g - Blink                 Tloc           24%        N/A       7%          2
h - Olgreb's Toxic Radia  Pois           32%        N/A       9%          4
i - Freezing Cloud        Conj/Ice/Air   22%        6-21      9%          5

Your spell library contained the following spells:

 Spells                   Type           Power      Damage    Failure   Level
 Freeze                   Ice            100%       1d10      1%          1
 Kiss of Death            Conj/Necr      100%       2d13      1%          1
 Necrotise                Necr           100%       1d9       1%          1
 Shock                    Conj/Air       100%       1d9       1%          1
 Summon Small Mammal      Summ           48%        N/A       4%          1
 Cigotuvi's Dreadful Rot  Necr/Pois/Air  68%        N/A       1%          2
 Momentum Strike          Conj/Tloc      64%        3d9       1%          2
 Sublimation of Blood     Necr           33%        N/A       1%          2
 Frozen Ramparts          Ice            82%        1d13      1%          3
 Hailstorm                Conj/Ice       47%        3d11      1%          3
 Mephitic Cloud           Conj/Pois/Air  40%        N/A       1%          3
 Ozocubu's Armour         Ice            41%        N/A       1%          3
 Vampiric Draining        Necr           33%        2d8       2%          3
 Lesser Beckoning         Tloc           24%        N/A       7%          2
 Call Canine Familiar     Summ           12%        N/A       12%         3
 Confusing Touch          Hex            12%        N/A       12%         3
 Inner Flame              Hex/Fire       12%        N/A       12%         3
 Summon Guardian Golem    Hex/Summ       12%        N/A       12%         3
 Petrify                  Tmut/Erth      27%        N/A       12%         4
 Borgnjor's Vile Clutch   Necr/Erth      19%        N/A       13%         5
 Anguish                  Hex/Necr       11%        N/A       17%         4
 Fireball                 Conj/Fire      16%        3d8       21%         5
 Irradiate                Conj/Tmut      16%        3d17      21%         5
 Metabolic Englaciation   Hex/Ice        13%        N/A       30%         5
 Cause Fear               Hex            6%         N/A       34%         4
 Manifold Assault         Tloc           12%        N/A       34%         4
 Conjure Ball Lightning   Conj/Air       22%        3x3d6     34%         6
 Simulacrum               Ice/Necr       18%        N/A       54%         6
 Blade Hands              Tmut           6%         N/A       67%         5
 Yara's Violent Unravell  Hex/Tmut       6%         3d5       67%         5
 Orb of Destruction       Conj           26%        9d9       67%         7
 Dragon Form              Tmut           6%         N/A       100%        7
 Enfeeble                 Hex            6%         N/A       100%        7
 Haunt                    Necr/Summ      11%        N/A       100%        7
 Storm Form               Tmut/Air       12%        N/A       100%        7
 Borgnjor's Revivificati  Necr           16%        N/A       100%        8
 Infestation              Necr           16%        N/A       100%        8
 Necromutation            Tmut/Necr      11%        N/A       100%        8
 Death's Door             Necr           16%        N/A       100%        9


Dungeon Overview and Level Annotations

Branches:
Dungeon (13/15)            Temple (1/1) D:5            Lair (3/5) D:9
  Swamp (1/4) Lair:2       Spider (1/4) Lair:3          Orc (2/2) D:9
    Elf (1/3) Orc:2        Vaults (0/5) D:13         Bailey (visited)

Altars:
Ashenzari
Cheibriados
Dithmenos
Elyvilon
Fedhas
Gozag
Hepliaklqana
Kikubaaqudgha
Makhleb
Nemelex Xobeh
Okawaru
Qazlal
Ru
Sif Muna
Trog
Uskayaw
Vehumet
Wu Jian
Xom
Yredelemnul
Zin
The Shining One
Ignis

Shops:
D:3 [*[   D:7 [   D:11 ?   Orc:2 *(=(

Annotations:
D:13 Rupert
Lair:1 1 runed translucent door
Elf:1 3 runed translucent doors


Innate Abilities, Weirdness & Mutations

Your dull iron-grey scales are very hard. (AC +13)
You are amphibious.
You cannot fit into any form of body armour.
You are cold-blooded and may be slowed by cold attacks.
You are strong-willed. (Will+)
Your spells are a little harder to cast, but a little more powerful.


Message History

The eleionoma splashes around in the water.
Unknown command.
Fire: y) +2 arbalest (drain)
Press: ? - help, Q - select action, (/) - cycle Shift-Dir - straight line, f/p - eleionoma
Aim: an eleionoma (thin mist, lightly wounded, poisoned, lightly drained, 68% to hit)
You shoot a bolt. The bolt hits the eleionoma.
The eleionoma is lightly wounded.
The eleionoma hurls a spray of splinters at you.
The spray of wooden splinters hits you!
Casting: Poisonous Vapours (safe; 1% risk of failure)
Confirm with . or Enter, or press ? or * to list all spells.
Aiming: Freezing Cloud (dangerous; 9% risk of failure)
Press: ? - help, Dir - move target, p - eleionoma That beam is likely to hit you.
Continue anyway?
You are engulfed in freezing vapours.
The eleionoma is engulfed in freezing vapours.
The eleionoma hits you but does no damage.
Unknown command.
You feel much better.
You are engulfed in freezing vapours.
The eleionoma is engulfed in freezing vapours.
The eleionoma hurls a spray of splinters at you.
The spray of wooden splinters hits you but does no damage.
You shoot a bolt. The bolt hits the eleionoma!!
The eleionoma is severely wounded.
You are engulfed in freezing vapours.
You feel yourself slow down.
The eleionoma is engulfed in freezing vapours.
The eleionoma touches a tree and draws upon its vitality.
The eleionoma is healed.
You are too injured to fight recklessly!
Unknown command.
You are too injured to fight recklessly!
Unknown command.
Fire: y) +2 arbalest (drain)
Press: ? - help, Q - select action, (/) - cycle Shift-Dir - straight line, f/p - eleionoma
Aim: an eleionoma (freezing vapour, lightly wounded, poisoned, lightly drained, 68% to hit)
You shoot a bolt. The bolt barely misses the eleionoma.
You are engulfed in freezing vapours.
You feel as though you will be slow longer.
Ouch! That really hurt!
You die...

####.#####.###..♣♣♣.§.♣♣♣..##.[..
#..# ### ##♣♣...§.§§♣♣##..... #
#.## ♣.§§♣♣§.§♣ ##.... ## #.##
♣♣.§§§§~~♣♣ #.... .###..#
♣§§§§§~~~~♣ ##.'. #.#P.######
♣§§§§§§≈..♣ ##.. ....+.##..#####
♣♣§§§♣♣♣..♣ ##.
P........#.##.#♣♣R§§♣♣♣§§♣♣ ###†
P........+.....♣@§☼♣♣♣♣§§♣ ##.#.
.........###.#.♣♣♣♣♣...§§♣♣♣#P...
..........##....#♣♣..§♣♣♣♣♣..'...
.........######.♣♣...~~≈≈♣♣.#....
#........P# ###..♣♣~≈~≈≈~≈♣♣##...
#.>......## #...♣♣≈~~~~~≈≈♣ ##..
#........# #..♣♣...~~~~≈≈♣ ###
#######.## ##..♣♣..♣♣♣♣♣♣♣ #.##
##.....##


You could see an eleionoma (poisoned, drained).

Vanquished Creatures
  Gastronok (Lair:3)
  An orc warlord (Bailey)
  Fannar (Lair:2)
  Erolcha (D:9)
  2 hydras (Lair:2)
  2 centaur warriors
  4 two-headed ogres
  The ghost of thromnambular the Fighter, a novice OgHW of Kikubaaqudgha (D:8)
  3 orc high priests (Orc:2)
  A fire crab (Lair:2)
  The ghost of FrenchFrogFromFrance the Covered, a novice DsBe of Trog (D:9)
  Pikel (D:8)
  4 orc knights (Orc:2)
  2 deep elf pyromancers (Elf:1)
  A steelbarb worm (Spider:1)
  2 deep elf zephyrmancers (Elf:1)
  An ugly thing (D:9)
  4 wolf spiders
  4 orc sorcerers (Orc:2)
  Maurice (D:8)
  A black mamba (Lair:1)
  10 cane toads
  A gargoyle (D:10)
  4 unseen horrors (D:12)
  3 komodo dragons
  An efreet (D:8)
  3 trolls
  A polar bear (Lair:3)
  A tyrant leech (Lair:2)
  2 hornets
  3 blink frogs (Lair:2)
  A jumping spider (Lair:3)
  Sigmund (D:6)
  2 slime creatures (D:13)
  3 culicivoras
  3 wraiths
  A shadow (D:12)
  3 vampires
  2 wyverns
  34 yaks
  4 vampire mosquitoes
  3 steam dragons
  A human (Lair:1)
  2 redbacks (Lair:3)
  Grum (D:8)
  A basilisk (Lair:1)
  2 wargs (D:9)
  Edmund (D:6)
  An acid dragon (D:9)
  9 water moccasins
  22 orc warriors
  2 sky beasts
  An ice beast (D:6)
  5 wolves
  5 ogres
  7 centaurs
  2 lemures (D:8)
  4 phantoms
  4 kobold brigands
  8 bullfrogs
  2 gnoll sergeants
  6 scorpions
  8 wights
  4 killer bees (D:8)
  An electric eel (D:6)
  10 howler monkeys
  3 jellies
  2 hounds (D:5)
  13 orc priests
  Crazy Yiuf (D:4)
  A gnoll bouda (D:8)
  Natasha (thrice) (D:2)
  13 orc wizards
  4 iguanas
  A sleepcap (D:6)
  Robin (D:2)
  26 gnolls
  4 adders
  A shadow imp (D:5)
  2 ufetubi (D:5)
  6 dart slugs
  44 orcs
  10 bats
  11 endoplasms
  2 giant cockroaches
  18 goblins
  16 hobgoblins
  4 jackals (D:5)
  2 quokkas
  10 ball pythons
  9 frilled lizards
  17 kobolds
  7 rats
465 creatures vanquished.

Vanquished Creatures (collateral kills)
  An air elemental (Orc:2)
1 creature vanquished.

Vanquished Creatures (others)
  A bloated husk (Swamp:1)
  A swamp worm (Swamp:1)
  16 fungi
  27 plants
45 creatures vanquished.

Grand Total: 511 creatures vanquished

Notes
Turn   | Place    | Note
-------+----------+-------------------------------------------
     0 | D:1      | tizbic2 the Draconian Air Elementalist began the quest for
                  | the Orb.
     0 | D:1      | Reached XP level 1. HP: 14/14 MP: 3/3
   194 | D:1      | Reached XP level 2. HP: 17/22 MP: 5/5
   392 | D:1      | Learned a level 2 spell: Static Discharge
   586 | D:1      | Reached XP level 3. HP: 9/27 MP: 1/6
   701 | D:1      | Found a faded altar of an unknown god.
   706 | D:1      | Reached skill level 1 in Fighting
  1116 | D:2      | Found the +7 Kryia's mail coat {PotionHeal*2 rC+}
  1193 | D:2      | Noticed Robin
  1239 | D:2      | Killed Robin
  1240 | D:2      | Reached XP level 4. HP: 11/35 MP: 1/8
  1397 | D:2      | Reached skill level 1 in Short Blades
  1436 | D:2      | Noticed Natasha
  1450 | D:2      | Killed Natasha
  1925 | D:2      | Noticed Natasha
  1934 | D:2      | Killed Natasha
  1935 | D:2      | Reached XP level 5. HP: 16/41 MP: 2/9
  2017 | D:2      | Noticed Natasha
  2022 | D:2      | Killed Natasha
  2086 | D:3      | Found Pouwauta's Armour Boutique.
  2167 | D:3      | Learned a level 4 spell: Airstrike
  2240 | D:3      | Found a shadowy altar of Dithmenos.
  2242 | D:3      | Found a hide-covered altar of Uskayaw.
  2242 | D:3      | Found an opulent altar of Gozag.
  2244 | D:3      | Found a shimmering altar of Xom.
  2244 | D:3      | Found a broken altar of Ashenzari.
  2244 | D:3      | Found an iron altar of Okawaru.
  2586 | D:3      | Found Duudwit's Assorted Antiques.
  2588 | D:3      | Found Puotool's Antique Armour Shoppe.
  2592 | D:3      | Bought a golden ring for 90 gold pieces
  3105 | D:4      | Noticed a phantom
  3109 | D:4      | Killed a phantom
  3110 | D:4      | Reached XP level 6. HP: 48/50 MP: 6/11
  3157 | D:4      | Found a shimmering blue altar of Sif Muna.
  3163 | D:4      | Became a worshipper of Sif Muna the Loreminder
  3199 | D:4      | Reached skill level 1 in Long Blades
  3405 | D:4      | Found a runed translucent door.
  3406 | D:4      | Noticed Crazy Yiuf
  3416 | D:4      | Killed Crazy Yiuf
  3709 | D:4      | Gained mutation: Your spells are a little harder to cast,
                  | but a little more powerful. [potion of mutation]
  3709 | D:4      | Gained mutation: You are strong-willed. (Will+) [potion of
                  | mutation]
  3846 | D:5      | Entered Level 5 of the Dungeon
  4145 | D:5      | Learned a level 2 spell: Poisonous Vapours
  4160 | D:5      | Your scales start taking on a dull iron-grey colour.
  4160 | D:5      | Reached XP level 7. HP: 51/56 MP: 7/13
  4391 | D:5      | Found a shadowy altar of Dithmenos.
  4514 | D:5      | Reached skill level 1 in Earth Magic
  4811 | D:5      | Found a staircase to the Ecumenical Temple.
  4817 | Temple   | Entered the Ecumenical Temple
  4926 | D:5      | Found a glowing silver altar of Zin.
  4927 | D:5      | Found a sacrificial altar of Ru.
  5202 | D:6      | Reached * piety under Sif Muna
  5765 | D:6      | Reached skill level 1 in Ranged Weapons
  5765 | D:6      | Reached XP level 8. HP: 61/66 MP: 9/14
  5812 | D:6      | Found an ancient bone altar of Kikubaaqudgha.
  5949 | D:6      | Noticed Edmund
  5972 | D:6      | Killed Edmund
  6153 | D:6      | Noticed Sigmund
  6162 | D:6      | Killed Sigmund
  6163 | D:6      | Reached skill level 2 in Ranged Weapons
  6581 | D:7      | Found a flagged portal.
  6611 | Bailey   | Entered a bailey
  6674 | Bailey   | Noticed an orc warlord
  6764 | Bailey   | Reached skill level 5 in Earth Magic
  6822 | Bailey   | Found a runed translucent gate.
  6824 | Bailey   | Found a runed translucent gate.
  6825 | Bailey   | Found a runed translucent gate.
  6835 | Bailey   | Reached skill level 3 in Ranged Weapons
  7035 | Bailey   | Killed an orc warlord
  7036 | Bailey   | Reached skill level 5 in Fighting
  7036 | Bailey   | Reached skill level 4 in Ranged Weapons
  7036 | Bailey   | Reached skill level 5 in Spellcasting
  7036 | Bailey   | Reached skill level 5 in Air Magic
  7036 | Bailey   | Reached XP level 9. HP: 74/74 MP: 16/16
  7105 | D:7      | Reached skill level 6 in Ranged Weapons
  7105 | D:7      | Reached XP level 10. HP: 84/84 MP: 16/19
  7110 | D:7      | Learned a level 3 spell: Swiftness
  7113 | D:7      | Learned a level 2 spell: Momentum Strike
  7171 | D:7      | Reached ** piety under Sif Muna
  7351 | D:7      | Found Laesm's Armour Shoppe.
  7472 | D:3      | Bought a pair of pitted gloves for 171 gold pieces
  7472 | D:3      | Identified the +0 pair of gloves of Avant Garde Freedom
                  | {+Inv rPois rF+++ rC-} (You bought it in a shop on level 3
                  | of the Dungeon)
  8204 | D:8      | Reached skill level 7 in Ranged Weapons
  8215 | D:8      | Found a sparkling altar of Nemelex Xobeh.
  8216 | D:8      | Noticed Maurice
  8223 | D:8      | Killed Maurice
  8241 | D:8      | Reached skill level 1 in Ice Magic
  8414 | D:8      | Found an opulent altar of Gozag.
  8485 | D:8      | Found a radiant altar of Vehumet.
  8700 | D:8      | Found an ornate altar of the Wu Jian Council.
  8739 | D:8      | Found a runed translucent door.
  8768 | D:8      | Noticed thromnambular's ghost (novice OgHW)
  8861 | D:8      | Noticed Grum
  8880 | D:8      | Killed Grum
  8944 | D:8      | Noticed Pikel
  8968 | D:8      | Killed Pikel
  8969 | D:8      | Reached XP level 11. HP: 84/92 MP: 9/21
  9874 | D:3      | Bought a pair of runed boots for 135 gold pieces
 10085 | D:9      | Learned a level 2 spell: Blink
 10100 | D:9      | Found a staircase to the Orcish Mines.
 10120 | D:9      | Noticed a brown ugly thing
 10122 | D:9      | Found a runed translucent gate.
 10122 | D:9      | Found a runed translucent gate.
 10122 | D:9      | Noticed a wolf spider
 10122 | D:9      | Noticed FrenchFrogFromFrance's ghost (novice DsBe)
 10123 | D:9      | Found a runed translucent gate.
 10144 | D:9      | Noticed Erolcha
 10150 | D:9      | Killed Erolcha
 10199 | D:9      | Reached *** piety under Sif Muna
 10207 | D:9      | Reached skill level 8 in Ranged Weapons
 10682 | D:9      | Identified the +9 whip of Kismet {freeze, Will++ rCorr
                  | Int+3 Dex-5}
 10723 | D:9      | Found a staircase to the Lair.
 10913 | D:9      | Reached **** piety under Sif Muna
 11291 | Orc:1    | Entered Level 1 of the Orcish Mines
 11365 | Orc:1    | Noticed a two-headed ogre
 11372 | Orc:1    | Killed a two-headed ogre
 11708 | Orc:2    | Entered Level 2 of the Orcish Mines
 12112 | Orc:2    | Found a staircase to the Elven Halls.
 12209 | Orc:2    | Reached skill level 9 in Ranged Weapons
 12214 | Orc:2    | Noticed an orc high priest
 12215 | Orc:2    | Noticed an orc high priest
 12215 | Orc:2    | Noticed an orc high priest
 12219 | Orc:2    | Noticed a sun demon
 12220 | Orc:2    | Found Moiniaca's Assorted Antiques.
 12220 | Orc:2    | Noticed an orc sorcerer
 12220 | Orc:2    | Noticed an orc knight
 12221 | Orc:2    | Found Ogrueloc's Weapon Shoppe.
 12223 | Orc:2    | Bought a scroll of fear for 124 gold pieces
 12225 | Orc:2    | Found Buad's Jewellery Shoppe.
 12226 | Orc:2    | Noticed an orc knight
 12228 | Orc:2    | Found Fycowki's Weapon Shop.
 12228 | Orc:2    | Noticed an orc sorcerer
 12230 | Orc:2    | Noticed an orc sorcerer
 12232 | Orc:2    | Noticed an orc knight
 12240 | Orc:2    | Noticed an orc knight
 12264 | Orc:2    | Noticed a soul eater
 12498 | D:10     | Entered Level 10 of the Dungeon
 12708 | D:10     | Reached XP level 12. HP: 79/103 MP: 23/23
 12801 | D:10     | Identified a scroll of acquirement
 12801 | D:10     | Acquired a book of Winter
 12807 | D:10     | Learned a level 3 spell: Ozocubu's Armour
 12845 | D:10     | Learned a level 5 spell: Freezing Cloud
 12969 | D:10     | Noticed a two-headed ogre
 12978 | D:10     | Killed a two-headed ogre
 13201 | D:10     | Reached ***** piety under Sif Muna
 13249 | D:10     | Noticed a two-headed ogre
 13260 | D:10     | Killed a two-headed ogre
 13533 | D:11     | Acquired 1015 gold pieces
 14202 | D:11     | Noticed a two-headed ogre
 14214 | D:11     | Killed a two-headed ogre
 14215 | D:11     | Reached skill level 10 in Ranged Weapons
 14446 | D:11     | Found Hazoi's Magic Scroll Boutique.
 14454 | D:11     | Bought 2 scrolls of identify for 64 gold pieces
 14454 | D:11     | Bought a scroll of enchant armour for 120 gold pieces
 14454 | D:11     | Bought a scroll of enchant armour for 120 gold pieces
 14454 | D:11     | Bought a scroll of identify for 32 gold pieces
 14454 | D:11     | Bought a scroll of identify for 32 gold pieces
 14454 | D:11     | Bought a scroll of blinking for 120 gold pieces
 14799 | D:12     | Received a gift from Sif Muna
 14802 | D:12     | Got Sif Muna's Lessons on the Snowflakes and Skeletons {god
                  | gift}
 14856 | D:12     | Noticed a centaur warrior
 14862 | D:12     | Killed a centaur warrior
 15120 | D:12     | Reached skill level 1 in Necromancy
 15812 | D:12     | Identified the +1 robe "Woeti" {Regen+ Int+4}
 15822 | D:12     | Acquired a staff of air
 16098 | D:13     | Noticed a centaur warrior
 16103 | D:13     | Killed a centaur warrior
 16254 | D:13     | Noticed Rupert
 16369 | D:13     | Found a gate to the Vaults.
 16369 | D:13     | Noticed a two-headed ogre
 16369 | D:13     | Noticed a vault guard
 16369 | D:13     | Noticed a vault guard
 16369 | D:13     | Noticed a vault guard
 16369 | D:13     | Noticed a centaur warrior
 16369 | D:13     | Noticed a vault guard
 16369 | D:13     | Noticed a centaur warrior
 16641 | Lair:1   | Entered Level 1 of the Lair of Beasts
 16647 | Lair:1   | Found a frozen archway.
 16697 | Lair:1   | Reached skill level 5 in Ice Magic
 17172 | Lair:1   | Found a runed translucent door.
 17181 | Lair:1   | Noticed a tentacled starspawn
 17187 | Lair:1   | Reached XP level 13. HP: 112/112 MP: 16/25
 17611 | Lair:2   | Learned a level 4 spell: Dispel Undead
 17884 | Lair:2   | Found a staircase to the Swamp.
 17916 | Swamp:1  | Entered Level 1 of the Swamp
 17922 | Swamp:1  | Noticed an eleionoma
 18435 | Lair:2   | Noticed Fannar
 18442 | Lair:2   | Killed Fannar
 18496 | Lair:3   | Reached skill level 10 in Fighting
 18565 | Lair:3   | Reached skill level 11 in Ranged Weapons
 18565 | Lair:3   | Reached skill level 5 in Dodging
 18712 | Lair:3   | Noticed Gastronok
 18727 | Lair:3   | Killed Gastronok
 18877 | Lair:3   | Found a hole to the Spider Nest.
 18904 | Lair:3   | Learned a level 5 spell: Iskenderun's Battlesphere
 18905 | Spider:1 | Entered Level 1 of the Spider Nest
 20223 | Orc:2    | Received a gift from Sif Muna
 20226 | Orc:2    | Got Sif Muna's Teachings on the Necrotic Snake {god gift}
 20234 | Orc:2    | Learned a level 4 spell: Olgreb's Toxic Radiance
 20648 | D:3      | Bought a scroll of magic mapping for 135 gold pieces
 20648 | D:3      | Bought a scroll of amnesia for 72 gold pieces
 20648 | D:3      | Bought a potion of flight for 54 gold pieces
 20648 | D:3      | Bought a potion of curing for 54 gold pieces
 20843 | Elf:1    | Entered Level 1 of the Elven Halls
 20843 | Elf:1    | Noticed a deep elf sorcerer
 20843 | Elf:1    | Noticed a deep elf sorcerer
 20843 | Elf:1    | Found a runed translucent gate.
 20843 | Elf:1    | Found a runed translucent gate.
 20843 | Elf:1    | Found a runed translucent gate.
 20843 | Elf:1    | Found a runed translucent gate.
 20843 | Elf:1    | Found a runed translucent gate.
 20843 | Elf:1    | Found a runed translucent gate.
 20844 | Elf:1    | Found a runed translucent door.
 20866 | Elf:1    | Reached skill level 12 in Ranged Weapons
 20996 | Elf:1    | Paralysed by an air elemental for 1 turns
 21000 | Elf:1    | Paralysed by an air elemental for 1 turns
 21005 | Elf:1    | Paralysed by an air elemental for 1 turns
 21007 | Elf:1    | Paralysed by an air elemental for 1 turns
 21014 | Orc:2    | Paralysed by an air elemental for 1 turns
 21205 | D:8      | Killed thromnambular's ghost
 21206 | D:8      | Reached XP level 14. HP: 50/122 MP: 2/27
 21428 | D:9      | Killed FrenchFrogFromFrance's ghost
 21645 | Lair:2   | Engulfed by a cloud of freezing vapour

Illustrated notes

Levels and vault maps discovered:
D:1:      onia_arrival_mini_spirals, layout_loops_ring,
          nicolae_ecumenical_snake_handling, serial_bayou_pond_d,
          minmay_hedge_maze, chequers_serial_rivers_small_b, minmay_cupped
D:2:      layout_rooms, uniq_robin, uniq_natasha
D:3:      layout_loops_ring, doesnt_xom_only_xom, serial_shops, shop,
          nicolae_shop_just_a_little_nook,
          nicolae_shop_competitors_out_of_business, roderic_st_hans_cross
D:4:      layout_rooms, led_sif_pool, minmay_crystal_room,
          uniq_crazy_yiuf_cottage
D:5:      layout_gridville, grunt_dithmenos_smoke_and_mirrors,
          gammafunk_temple_overflow_pools, minmay_temple_entry_enclosed_plants,
          serial_glass, glass_columns_b, glass_columns_c
D:6:      layout_rooms, mainiacjoe_overflow_24_doors, kennysheep_big_empty_room,
          uniq_sigmund, uniq_edmund
D:7:      layout_basic, enter_bailey_4, serial_shops, kennysheep_mini,
          patterned_corridor
D:8:      cheibrodos_steamvent, layout_basic, lemuel_doored_altar,
          nemelex_xobeh_ov_fountains_minmay, overflow_temple_1_default,
          nicolae_overflow_crystal_walls, ebering_ghost_inner_flame, uniq_grum,
          uniq_maurice, uniq_pikel
D:9:      layout_loops_cross, grunt_lair_entry_orc_guard_hut,
          minmay_orc_entry_guard_dogs, gammafunk_ghost_split,
          corexii_leaking_fountain, minmay_fractal_squares_gapless_5,
          uniq_erolcha
D:10:     layout_basic
D:11:     layout_grid_maze, serial_shops, nicolae_diamond_shop
D:12:     layout_stronghold, hangedman_batty
D:13:     layout_irregular_city, lightli_vaults_fourway_checkpoint, uniq_rupert,
          uniq_nessos
Temple:   pdpol_scorched_temple
Lair:1:   layout_chaotic_city, portal_ice_cave_entry_pillars_1,
          serial_bayou_pond_c, pdpol_lair_cabin_in_the_woods
Lair:2:   layout_roguey, palyth_hydra_swamp_entry, uniq_fannar
Lair:3:   layout_loops_ring, spider_nest_entry_funnel_web, minmay_holes,
          uniq_gastronok
Swamp:1:  layout_basic_swamp, nicolae_swamp_triple_paths
Spider:1: layout_spider_delve, drop_trap, amcnicky_altar_lugonu_corruption
Orc:1:    layout_caves
Orc:2:    st_orc_elflike, layout_diamond_mine
Elf:1:    nicolae_elf_arrival_dilemma, layout_rooms, serial_shops, shop,
          nicolae_shop_tiny_statue_garden, minmay_elf_sorcery

Skill      XL: |  1  2  3  4  5  6  7  8  9 10 11 12 13 14 |
---------------+-------------------------------------------+-----
Fighting       | 1 2 3 5 6 7 8 9 10 11 | 11.0
Short Blades   | 1 2 |  2.9
Spellcasting   | 3 4 5 6 7 8 9 |  9.7
Air Magic      | 4 3 4 5 |  5.1
Conjurations   | 2 3 4 6 7 8 |  8.3
Long Blades    | 1 |  1.4
Earth Magic    | 3 6 |  6.4
Ranged Weapons | 1 4 6 7 9 10 12 | 12.2
Dodging        | 4 6 |  6.3
Poison Magic   | 4 |  4.0
Ice Magic      | 1 4 5 |  5.9
Necromancy     | 3 4 |  4.2
Maces & Flails | |  0.3
Stealth        | |  1.7

Action                     |  1- 3 |  4- 6 |  7- 9 | 10-12 | 13-15 || total
---------------------------+-------+-------+-------+-------+-------++-------
  Melee: Club              |    27 |       |       |       |       ||    27
         Unarmed           |     4 |       |       |       |       ||     4
         Tailslap          |     6 |    14 |     9 |     2 |     1 ||    32
         Short sword       |    54 |   113 |    53 |     7 |       ||   227
         Punch             |     2 |       |     1 |     1 |       ||     4
         Great sword       |       |    22 |       |       |     6 ||    28
         Rapier            |       |    10 |    19 |       |       ||    29
         Broad axe         |       |       |       |     5 |       ||     5
         Scimitar          |       |       |       |       |     7 ||     7
   Fire: Arbalest          |       |       |   145 |   509 |   299 ||   953
  Throw: Throwing net      |       |       |       |     2 |       ||     2
   Cast: Shock             |    27 |    17 |    18 |    60 |       ||   122
         Static Discharge  |     9 |    23 |    35 |    37 |    16 ||   120
         Airstrike         |       |     1 |       |    32 |    34 ||    67
         Poisonous Vapours |       |     3 |     7 |    49 |    41 ||   100
         Momentum Strike   |       |       |       |     3 |       ||     3
         Swiftness         |       |       |       |     5 |     2 ||     7
         Blink             |       |       |       |     1 |     1 ||     2
         Freezing Cloud    |       |       |       |     8 |    18 ||    26
         Ozocubu's Armour  |       |       |       |     2 |     2 ||     4
         Iskenderun's Batt |       |       |       |       |     6 ||     6
         Olgreb's Toxic Ra |       |       |       |       |     2 ||     2
 Invoke: Forget Spell      |       |       |       |       |     1 ||     1
  Evoke: Wand              |       |       |       |     1 |       ||     1
         Phantom mirror    |       |       |       |       |     1 ||     1
    Use: Scroll            |     1 |    10 |     2 |    25 |     3 ||    41
         Potion            |     1 |     1 |     5 |     3 |     4 ||    14
   Stab: Sleeping          |     3 |     4 |     1 |       |       ||     8
 Armour: Skin              |    38 |    69 |    77 |   256 |   195 ||   635
  Dodge: Dodged            |    91 |   109 |   123 |   369 |   230 ||   922
